 Dungeon Crawl Stone Soup version 0.25-a0-479-g8579842fd4 (webtiles) character file.

Game seed: 17387984107388749983, levelgen mode: deterministic

49 Notrik the Skirmisher (level 3, 0/51 HPs)
             Began as a Hill Orc Berserker on Feb 9, 2020.
             Was a Follower of Trog.
             Slain by an ogre
             ... wielding a +0 giant spiked club
              (23 damage)
             ... on level 4 of the Dungeon.
             The game lasted 00:01:54 (1546 turns).

Notrik the Skirmisher (Hill Orc Berserker)          Turns: 1546, Time: 00:01:55

Health: 0/51       AC:  9    Str: 25    XL:     3   Next: 77%
Magic:  3/3        EV:  8    Int:  7    God:    Trog [*.....]
Gold:   72         SH:  0    Dex: 10    Spells: 2/2 levels left

rFire    . . .     SeeInvis .   a - +0 hand axe
rCold    . . .     Gourm    .   (no shield)
rNeg     . . .     Faith    .   h - +0 chain mail
rPois    .         Spirit   .   (no helmet)
rElec    .         Reflect  .   (no cloak)
rCorr    .         Harm     .   (no gloves)
MR       .....                  (no boots)
Stlth    ..........             (no amulet)
HPRegen  0.17/turn              (no ring)
MPRegen  0.08/turn              (no ring)

@: berserking, very quick
A: no striking features
a: Berserk, Renounce Religion


You were on level 4 of the Dungeon.
You worshipped Trog.
Trog was aware of your devotion.
You were hungry.

You visited 1 branch of the dungeon, and saw 3 of its levels.

You collected 72 gold pieces.

Inventory:

Hand Weapons
 a - a +0 hand axe (weapon)
Armour
 h - a +0 chain mail (worn)
   (You found it on level 1 of the Dungeon)
Jewellery
 f - an uncursed ring of magical power {unknown}
   (You found it on level 1 of the Dungeon)
 l - a cursed ring of attention {unknown}
   (You found it on level 1 of the Dungeon)
Scrolls
 d - 3 scrolls of amnesia {unknown}
 j - a scroll of immolation {unknown}
Potions
 b - a potion of cancellation {unknown}
 c - 2 potions of degeneration {unknown}
 g - a potion of resistance {unknown}
 i - 2 potions of curing {unknown}
Comestibles
 e - 3 rations {!d}
 k - 2 chunks of flesh


   Skills:
 * Level 4.7 Fighting
 + Level 4.5 Axes
 + Level 2.8 Armour
 - Level 1.5 Dodging


You had 2 spell levels left.
You didn't know any spells.
Your spell library was empty.

Dungeon Overview and Level Annotations

Branches:
Dungeon (2/15)

Altars:
Uskayaw


Message History

You kill the frilled lizard!
Trog accepts your kill.
No target in view!
No target in view!
No target in view!
No target in view!
No target in view!
No target in view!
No target in view!
No target in view!
No target in view!
No target in view!
No target in view!
No target in view!
No target in view!
No target in view!
No target in view!
No target in view!
No target in view!
No target in view!
No target in view!
No target in view!
No target in view!
No target in view!
No target in view!
Some of the chunks of flesh in your inventory have rotted away.
There is a stone staircase leading up here.
You now have 63 gold pieces (gained 14).
Some of the chunks of flesh in your inventory have rotted away.
Found 9 gold pieces.
Found a runed coral ring.
You now have 72 gold pieces (gained 9).
You fall into a shaft and drop 2 floors!
The shaft crumbles and collapses.
An ogre comes into view. It is wielding a +0 giant spiked club.
The ogre shouts!
An ooze comes into view.
The ooze quivers.
You hit the ooze. The ooze closely misses you.
You slash the ooze!
You kill the ooze!
Trog accepts your kill.
The ogre hits you with a +0 giant spiked club!!
Ouch! That really hurt!
* * * LOW HITPOINT WARNING * * *
A red film seems to cover your vision as you go berserk!
You feel yourself moving faster!
You feel mighty!
You are feeling hungry.
The ogre hits you with a +0 giant spiked club!!
You die...

#....#
#....####
####....#
#....# ..
#....####....
#............
#####.##+###
#..O.##
####@.# #..#
#..# ####


You could see an ogre.

Vanquished Creatures
  An adder (D:2)
  An ooze (D:4)
  2 worms (D:2)
  A leopard gecko (D:1)
  2 giant cockroaches
  2 goblins
  5 hobgoblins
  3 kobolds
  4 bats
  5 frilled lizards
  6 rats
  12 plants (D:1)
44 creatures vanquished.

Notes
Turn   | Place    | Note
-------+----------+-------------------------------------------
     0 | D:1      | Notrik the Hill Orc Berserker began the quest for the Orb.
     0 | D:1      | Reached XP level 1. HP: 19/19 MP: 1/1
   515 | D:1      | Reached XP level 2. HP: 15/27 MP: 2/2
  1278 | D:2      | Reached XP level 3. HP: 29/34 MP: 3/3
  1465 | D:2      | Found a hide-covered altar of Uskayaw.
  1465 | D:2      | Noticed a +0 dagger
  1465 | D:2      | Noticed a +0 dagger
  1529 | D:2      | You fall into a shaft and drop 2 floors!
  1529 | D:4      | Noticed an ogre
  1546 | D:4      | Slain by an ogre

Levels and vault maps discovered:
D:1:      roderic_crop_circles_arrival_small, layout_basic
D:2:      layout_rooms, dancing_weapons_uskayaw, grunt_temple_overflow_open,
          uniq_natasha
D:4:      layout_gridville, okawaru_ov_weapons_minmay, lemuel_crystal_altar,
          minivault_24

Skill      XL: |  1 |
---------------+----+-----
Fighting       | 4 |  4.7
Axes           | |  4.5
Armour         | |  2.8
Dodging        | |  1.5

Action                   || total
-------------------------++-------
Melee: Hand axe          ||   340
Invok: Berserk           ||     1
  Eat: Chunk             ||     3
Armor: Animal skin       ||     2
       Chain mail        ||    42
Dodge: Dodged            ||    43

Table legend:
 A = Non-vault XP
 B = Vault XP
 C = Vault XP percentage of total XP
 D = Non-vault monster count
 E = Vault monster count
 F = Vault count percentage of total count
                 A         B        C        D         E       F
            +---------+---------+-------+---------+---------+-------
      Total |      71 |       0 |   0.0 |      32 |       0 |   0.0
            +---------+---------+-------+---------+---------+-------
        D:1 |      27 |       0 |   0.0 |      18 |       0 |   0.0
        D:2 |      37 |       0 |   0.0 |      13 |       0 |   0.0
        D:4 |       7 |       0 |   0.0 |       1 |       0 |   0.0
            +---------+---------+-------+---------+---------+-------
